 Dungeon Crawl Stone Soup version 0.28.0-53-g5a82cb258f (webtiles) character file.

Game seed: 16631322878275576070

926 Peloso the Slasher (level 7, 0/61 HPs)
             Began as a Minotaur Fighter on June 5, 2022.
             Succumbed to a water moccasin's poison
             ... on level 5 of the Dungeon.
             The game lasted 00:05:11 (3630 turns).

Peloso the Slasher (Minotaur Fighter)               Turns: 3630, Time: 00:05:12

Health: 0/61       AC: 11    Str: 18 (21) XL:     7   Next: 85%
Magic:  6/6        EV:  7    Int:  4 (5)  God:
Gold:   194        SH:  4    Dex:  9 (11) Spells: 6/6 levels left

rFire   . . .      SeeInvis .   a - +0 long sword
rCold   . . .      Faith    .   c - +0 buckler
rNeg    . . .      Spirit   .   p - +1 chain mail
rPois   .          Reflect  .   (helmet restricted)
rElec   .          Harm     .   (no cloak)
rCorr   .          Rampage  .   (no gloves)
Will    .....                   (no boots)
Stlth   ..........              (no amulet)
HPRegen 0.20/turn               (no ring)
MPRegen 0.10/turn               (no ring)

@: lethally poisoned (0 -> -11), attractive
A: horns 2, retaliatory headbutt
a: no special abilities


You were on level 5 of the Dungeon.
You visited 1 branch of the dungeon, and saw 6 of its levels.

You collected 194 gold pieces.

Inventory:

Hand Weapons
 a - a +0 long sword (weapon)
 b - the +2 trident of the Fox {vorpal, Str+3}
   (You found it on level 5 of the Dungeon)

   It inflicts extra damage upon your enemies.
   Str:       It affects your strength (+3).
Missiles
 r - 4 throwing nets (quivered)
Armour
 c - a +0 buckler (worn)
 p - a +1 chain mail (worn)
Jewellery
 i - an amulet of the acrobat
 s - a +4 ring of evasion
Wands
 v - a wand of iceblast (7)
Scrolls
 e - a scroll of magic mapping
 j - a scroll of teleportation {unknown}
 l - a scroll of immolation
 m - 2 scrolls of fear
 n - a scroll of vulnerability {unknown}
 t - a scroll of blinking {unknown}
Potions
 d - a potion of might
 f - a potion of cancellation {unknown}
 g - a potion of curing {unknown}
 h - 2 potions of attraction
 k - 2 potions of degeneration
 o - 2 potions of haste {unknown}
 q - 2 potions of mutation {unknown}
 u - a potion of berserk rage {unknown}


   Skills:
 + Level 5.0 Fighting
 + Level 7.3 Long Blades
 + Level 7.0 Armour
 + Level 1.7 Dodging
 + Level 0.2 Stealth
 + Level 5.0 Shields


You had 6 spell levels left.
You didn't know any spells.
Your spell library contained the following spells:

 Spells                   Type           Power      Damage    Failure   Level
 Scorch                   Fire           0%         2d5       100%        2
 Inner Flame              Hex/Fire       0%         N/A       100%        3
 Starburst                Conj/Fire      0%         6d3       100%        6
 Necromutation            Tmut/Necr      0%         N/A       100%        8


Dungeon Overview and Level Annotations

Branches:
Dungeon (6/15)
 Temple: D:4-7

Altars:
The Shining One


Innate Abilities, Weirdness & Mutations

You have a pair of horns on your head.
You reflexively headbutt those who attack you in melee.


Message History

Pikel hits you with a +2 whip of freezing.
Pikel freezes you.
* * * LOW HITPOINT WARNING * * *
You hit Pikel but do no damage. You headbutt Pikel.
Pikel is heavily wounded.
Pikel barely misses you. You furiously retaliate!
You headbutt Pikel! You hit Pikel but do no damage.
Pikel is severely wounded.
Pikel hits you with a +2 whip of freezing!
* * * LOW HITPOINT WARNING * * *
Pikel freezes you.
* * * LOW HITPOINT WARNING * * *
You slash Pikel!
You kill Pikel!
With Pikel's spell broken, his former minions thank you for their freedom.
The lemure departs this earthly plane. x4
Your Fighting skill increases to level 5!
Your Long Blades skill increases to level 7!
Your Armour skill gained 2 levels and is now at level 7!
Your Shields skill increases to level 5!
You have reached level 7!
You block the water moccasin's attack.
Items here: ) / [ †.
You hit the water moccasin.
Your headbutt misses the water moccasin.
The water moccasin is lightly wounded.
The water moccasin bites you.
* * * LOW HITPOINT WARNING * * *
You are lethally poisoned!
The water moccasin poisons you!
The water moccasin bites you but does no damage.
It was a potion of attraction.
You feel attractive to monsters.
* * * LOW HITPOINT WARNING * * *
You feel very sick. The water moccasin closely misses you.
It was a potion of degeneration.
There was something very wrong with that liquid.
You feel weakened.
You feel dopey.
You feel clumsy.
You die...

# #. #.. #...
##....############
...?.§S@§........#
.#...§##########.#
#... #....# #..
#....## #. #.....#
# .#######...#.##.
.......'...)....
.#######...#..## .
#...##.## #.


You could see a water moccasin.

Vanquished Creatures
  Pikel (D:5)
  A sky beast (D:6)
  A crimson imp (D:3)
  A jelly (D:6)
  2 hounds
  A bullfrog skeleton (D:5)
  Ijyb (D:3)
  2 orc wizards (D:3)
  A hound skeleton (D:4)
  4 gnolls (D:4)
  3 adders
  An ufetubus (D:6)
  A worm (D:2)
  A dart slug (D:3)
  3 orcs (D:3)
  8 ball pythons
  7 endoplasms
  A giant cockroach (D:1)
  10 goblins
  3 hobgoblins (D:1)
  3 jackals (D:1)
  4 kobolds
  4 bats (D:1)
  3 frilled lizards
  A goblin zombie (D:3)
  5 hobgoblin zombies (D:3)
  A kobold skeleton (D:3)
  A kobold zombie (D:3)
  An orc skeleton (D:3)
  An orc zombie (D:3)
  5 rats
82 creatures vanquished.

Vanquished Creatures (others)
  An orc wizard (D:3)
1 creature vanquished.

Grand Total: 83 creatures vanquished

Notes
Turn   | Place    | Note
-------+----------+-------------------------------------------
     0 | D:1      | Peloso the Minotaur Fighter began the quest for the Orb.
     0 | D:1      | Reached XP level 1. HP: 19/19 MP: 0/0
   268 | D:1      | Reached XP level 2. HP: 27/27 MP: 1/1
   796 | D:1      | Reached XP level 3. HP: 33/33 MP: 2/2
  1274 | D:2      | Reached XP level 4. HP: 37/40 MP: 3/3
  1760 | D:3      | Found a faded altar of an unknown god.
  1930 | D:3      | Reached XP level 5. HP: 16/46 MP: 4/4
  2177 | D:3      | Noticed Ijyb
  2186 | D:3      | Killed Ijyb
  2396 | D:3      | Found a glowing golden altar of the Shining One.
  2400 | D:3      | Reached skill level 5 in Long Blades
  2400 | D:3      | Reached skill level 5 in Armour
  2839 | D:4      | Reached XP level 6. HP: 31/52 MP: 5/5
  2844 | D:4      | Reached skill level 1 in Dodging
  3019 | D:4      | Got the Incunabulum of Unholy Secrets and Fire
  3030 | D:4      | You fall into a shaft and drop 2 floors!
  3260 | D:6      | Noticed a sky beast
  3266 | D:6      | Killed a sky beast
  3479 | D:5      | Entered Level 5 of the Dungeon
  3576 | D:5      | Identified the +2 trident of the Fox {vorpal, Str+3}
  3612 | D:5      | Noticed Pikel
  3617 | D:5      | Noticed a water moccasin
  3626 | D:5      | Killed Pikel
  3627 | D:5      | Reached skill level 5 in Fighting
  3627 | D:5      | Reached skill level 5 in Shields
  3627 | D:5      | Reached XP level 7. HP: 6/61 MP: 6/6
  3629 | D:5      | HP: 2/61 [poisoned by a water moccasin]
  3630 | D:5      | Succumbed to a water moccasin's poison

Illustrated notes

Levels and vault maps discovered:
D:1:      psy_arrival_statuary, layout_basic, minmay_hexomino_p4
D:2:      layout_loops_corners
D:3:      layout_rooms, nicolae_tso_besieged_by_evil,
          hellmonk_ecumenical_altar_lost_god, serial_co_window_serial,
          co_window_paths_a, co_window_paths_a, co_window_paths_a,
          co_window_paths_a, co_window_paths_a, co_window_paths_b,
          co_window_corner_a, co_window_unsneaky_path_b, co_window_broadway_b,
          co_window_corner_b, co_window_2corner, glass_columns_b,
          glass_columns_a, uniq_ijyb
D:4:      layout_rooms, minmay_misc_feat_room, corexii_hall_statues_u,
          uniq_edmund
D:5:      layout_basic, chequers_temple_overflow_statue_of_worship, uniq_pikel
D:6:      layout_loops_cross, chequers_serial_rivers_micro_c

Skill      XL: |  1  2  3  4  5  6 |
---------------+-------------------+-----
Shields        | 4 5 |  5.0
Fighting       | 4 5 |  5.0
Long Blades    | 3 4 5 7 |  7.3
Armour         | 4 5 7 |  7.0
Dodging        | 1 |  1.7
Stealth        | |  0.2

Action                   |  1- 3 |  4- 6 |  7- 9 || total
-------------------------+-------+-------+-------++-------
Melee: Long sword        |    81 |   144 |     1 ||   226
       Headbutt          |     7 |    24 |       ||    31
  Use: Scroll            |       |     4 |       ||     4
       Potion            |       |       |     2 ||     2
Armor: Scale mail        |    48 |       |       ||    48
       Chain mail        |       |    78 |     1 ||    79
Dodge: Dodged            |    51 |    36 |     1 ||    88
Block: Buckler           |    24 |    31 |     1 ||    56
